AoeStats
← kikecoaster

Golden Pit

509095602Analyzed
1v1 RM · 6d ago on Sep 25, 2026· 64m 9s· 2 players
Game mode
Random Map
Map size
Tiny (2 player)
Population
200
Speed
Normal
Resources
Standard
Victory
Conquest
Starting age
Dark Age
Ending age
Imperial Age
RankedLock teamsTeams togetherTeam positionsShared explorationLock speedFull tech treeHidden civsTurbo modeCheats
Victory
Defeat
🇨🇿 Italians · Czechia
561
+18
🇪🇸 Ethiopians · Spain
613
-18
E=mc²
11:56 Feudal Age
14:07 Horse Collar
14:41 Double-Bit Axe
20:57 Castle Age
21:28 Loom
24:53 Wheelbarrow
24:04 Town Watch
29:48 Heavy Plow
31:42 Gold Mining
36:54 Imperial Age
35:25 Hand Cart
41:16 Conscription
47:27 Arson
47:43 Squires
50:14 Crop Rotation
49:58 Bow Saw
51:05 Pirotechnia
52:04 Chemistry
51:01 Murder Holes
51:17 Fortified Wall
51:28 Ballistics
51:58 Scale Mail Armor
52:09 Forging
51:50 Fletching
52:01 Padded Archer Armor
53:29 Two-Man Saw
54:28 Iron Casting
54:08 Chain Mail Armor
54:16 Town Patrol
55:11 Bodkin Arrow
55:32 Leather Archer Armor
57:48 Hoardings
56:34 Elite Genoese Crossbowman
kikecoaster
11:53 Feudal Age
14:21 Wheelbarrow
17:39 Castle Age
15:58 Double-Bit Axe
16:26 Horse Collar
18:33 Bow Saw
18:26 Heavy Plow
21:56 Stone Mining
22:25 Hand Cart
23:56 Gold Mining
29:34 Gold Shaft Mining
28:46 Crossbowman
34:23 Stone Shaft Mining
36:30 Imperial Age
35:06 Padded Archer Armor
39:19 Chemistry
38:17 Murder Holes
42:51 Two-Man Saw
42:53 Town Watch
43:38 Ballistics
44:43 Town Patrol
44:37 Fletching
51:52 Bodkin Arrow
53:09 Elite Skirmisher
56:49 Leather Archer Armor
57:33 Bracer
59:18 Arbalester
Connection lost

Rejoining the realm…

Still unreachable

The connection could not be restored.

Session expired

The server has moved on; the page needs a fresh start.